 Dungeon Crawl Stone Soup version 0.26.1-2-gb8aa6d0cf2 (webtiles) character file.

Game seed: 2214577726220141787

200 DearestLeader the Sneak (level 5, -4/24 HPs)
             Began as a Spriggan Enchanter on Mar 2, 2021.
             Slain by a white imp (5 damage)
             ... on level 3 of the Dungeon.
             The game lasted 00:10:33 (4181 turns).

DearestLeader the Sneak (Spriggan Enchanter)        Turns: 4181, Time: 00:10:34

Health: -4/24      AC:  2    Str:  4    XL:     5   Next: 48%
Magic:  2/10       EV: 14    Int: 16    God:
Gold:   134        SH:  0    Dex: 18    Spells: 0/9 levels left

rFire    . . .     SeeInvis +   f - +2 dagger (pain)
rCold    . . .     Faith    .   (shield restricted)
rNeg     . . .     Spirit   .   b - +0 robe
rPois    .         Reflect  .   (helmet restricted)
rElec    .         Harm     .   (no cloak)
rCorr    .         Rampage  .   (gloves unavailable)
Will     .....                  (boots unavailable)
Stlth    ++++......             (no amulet)
HPRegen  0.08/turn              h - -4 ring of evasion (curse)
MPRegen  0.12/turn              (no ring)

@: very quick
A: very small, unfitting armour, see invisible, speed 3
a: no special abilities


You were on level 3 of the Dungeon.
You visited 1 branch of the dungeon, and saw 3 of its levels.

You collected 134 gold pieces.

Inventory:

Hand Weapons
 f - a +2 dagger of pain (weapon)
Armour
 b - a +0 robe (worn)
Jewellery
 h - a cursed -4 ring of evasion (left hand)
Wands
 o - a wand of flame (16)
Scrolls
 c - a scroll of enchant weapon
 d - 5 scrolls of teleportation
 e - 2 scrolls of identify
 l - 3 scrolls of fear {unknown}
 n - 2 scrolls of amnesia {unknown}
Potions
 a - a potion of curing
 g - a potion of heal wounds {unknown}
 i - a potion of might {unknown}
 j - a potion of lignification {unknown}
 k - a potion of brilliance {unknown}
 m - a potion of degeneration {unknown}


   Skills:
 - Level 1.1 Short Blades
 - Level 3.0 Dodging
 + Level 6.6 Stealth
 - Level 2.6 Spellcasting
 * Level 6.5 Hexes


You couldn't memorise any spells.
You knew the following spells:

 Your Spells              Type           Power        Failure   Level
a - Corona                Hex            25%          1%          1
b - Ensorcelled Hibernat  Hex/Ice        24%          8%          2
c - Tukima's Dance        Hex            23%          4%          3
d - Dazzling Flash        Conj/Hex       24%          16%         3

Your spell library contained the following spells:

 Spells                   Type           Power        Failure   Level
 Confusing Touch          Hex            23%          4%          3


Dungeon Overview and Level Annotations

Branches:
Dungeon (3/15)

Altars:


Innate Abilities, Weirdness & Mutations

You are very small and have problems with some larger weapons.
You are too small for most types of armour.
You have supernaturally acute eyesight. (SInv)
You cover ground extremely quickly.


Message History

The puff of frost misses you.
Unknown command.
Things that are here:
an orc corpse; a jackal corpse
Casting: Ensorcelled Hibernation (safe; 8% risk of failure)
Confirm with . or Enter, or press ? or * to list all spells.
You can't see any susceptible monsters within range! (Use Z to cast anyway.) Unknown command.
You closely miss the white imp. The white imp closely misses you.
You hit the white imp.
The white imp is lightly wounded.
The white imp gestures at you. The puff of frost hits you!
* * * LOW HITPOINT WARNING * * *
You hit the white imp.
The white imp is moderately wounded.
The white imp hits you.
* * * LOW HITPOINT WARNING * * *
The white imp freezes you.
You die...

. . o #+# . #.#######.
#.h.h..o.. #.#...[...
#..#############.#.#.#.5.
#.......@5.......#.#...<#
#.################.####.#
.#..†.# .#.#### .#. #. #.
#. #.


You could see a white imp.

Vanquished Creatures
  Terence (D:2)
  Natasha (thrice) (D:2)
  Robin (D:2)
  An adder (D:2)
  A gnoll (D:1)
  An ooze (D:2)
  A dart slug (D:1)
  3 leopard geckos
  An orc (D:3)
  A ball python (D:1)
  8 bats
  A giant cockroach (D:2)
  3 hobgoblins (D:2)
  5 jackals
  11 kobolds
  4 frilled lizards
  11 goblins
  7 rats
64 creatures vanquished.

Notes
Turn   | Place    | Note
-------+----------+-------------------------------------------
     0 | D:1      | DearestLeader the Spriggan Enchanter began the quest for
                  | the Orb.
     0 | D:1      | Reached XP level 1. HP: 9/9 MP: 5/5
   304 | D:2      | Noticed Terence
   366 | D:2      | Reached XP level 2. HP: 4/13 MP: 2/6
   369 | D:2      | Learned a level 2 spell: Ensorcelled Hibernation
   815 | D:2      | Killed Terence
   816 | D:2      | Reached skill level 5 in Stealth
   816 | D:2      | Reached XP level 3. HP: 14/16 MP: 0/8
  1011 | D:2      | Noticed Natasha
  1019 | D:2      | Killed Natasha
  1020 | D:2      | Reached skill level 5 in Hexes
  1365 | D:2      | Reached XP level 4. HP: 21/21 MP: 2/9
  1431 | D:2      | Noticed Robin
  1431 | D:2      | Noticed Natasha
  1519 | D:2      | Killed Robin
  1597 | D:2      | HP: 1/21 [Natasha/magic dart (6)]
  3277 | D:2      | Killed Natasha
  3278 | D:2      | Reached XP level 5. HP: 17/24 MP: 3/10
  3287 | D:2      | Learned a level 3 spell: Tukima's Dance
  3291 | D:2      | Learned a level 3 spell: Dazzling Flash
  3416 | D:2      | Noticed Natasha
  3431 | D:2      | Killed Natasha
  4181 | D:3      | HP: 1/24 [white imp (1)]
  4181 | D:3      | Slain by a white imp

Illustrated notes

Levels and vault maps discovered:
D:1:      wander_arrival_desolate, layout_loops_ring, minmay_tromino_i2
D:2:      layout_loops_corners, uniq_robin, uniq_terence, uniq_natasha
D:3:      layout_basic, riverfiend_overflow_shadow_ancestor, zin_purify,
          serial_rivers, chequers_serial_rivers_marsh,
          chequers_serial_rivers_room_a, chequers_serial_rivers_small_3,
          chequers_serial_rivers_room_a

Skill      XL: |  1  2  3  4 |
---------------+-------------+-----
Hexes          | 4 5 6 |  6.5
Stealth        | 5 6 |  6.6
Short Blades   | |  1.1
Dodging        | |  3.0
Spellcasting   | |  2.6

Action                   |  1- 3 |  4- 6 || total
-------------------------+-------+-------++-------
Melee: Dagger            |    60 |   146 ||   206
 Cast: Corona            |     7 |       ||     7
       Ensorcelled Hiber |    15 |    48 ||    63
  Use: Scroll            |       |     3 ||     3
 Stab: Sleeping          |     9 |    27 ||    36
       Distracted        |       |     2 ||     2
Armor: Robe              |     9 |    22 ||    31
       Skin              |     6 |       ||     6
Dodge: Dodged            |    41 |   125 ||   166
